 Dungeon Crawl Stone Soup version 0.18.1-1-g2f07953 (webtiles) character file.

236 aurelian the Vexing (level 5, -1/24 HPs)
             Began as a Spriggan Enchanter on May 21, 2016.
             Was a Follower of Yredelemnul.
             Slain by Purgy (2 damage)
             ... on level 3 of the Dungeon.
             The game lasted 00:14:07 (5238 turns).

aurelian the Vexing (Spriggan Enchanter)            Turns: 5238, Time: 00:14:09

Health: -1/24      AC:  3    Str:  4    XL:     5   Next: 77%
Magic:  8/13       EV: 18    Int: 17    God:    Yredelemnul [*.....]
Gold:   62         SH:  0    Dex: 17    Spells: 2 memorised, 11 levels left

rFire  . . .     SeeInvis +     a - +1 dagger
rCold  . . .     Gourm    .     b - +1 robe
rNeg   . . .     Faith    .     (shield restricted)
rPois  .         Spirit   .     (helmet restricted)
rElec  .         Dismiss  .     (no cloak)
rCorr  .         Reflect  .     (gloves unavailable)
SustAt .         Harm     .     (boots unavailable)
MR     .....                    (no amulet)
Stlth  +++.......               (no ring)
                                (no ring)

@: very quick, not resistant to hostile enchantments, fairly stealthy
A: unfitting armour, see invisible, herbivore 3, speed 3, slow metabolism 2
a: Animate Remains, Renounce Religion


You were on level 3 of the Dungeon.
You worshipped Yredelemnul.
Yredelemnul was aware of your devotion.
You were not hungry.

You visited 1 branch of the dungeon, and saw 4 of its levels.

You collected 244 gold pieces.
You spent 182 gold pieces at shops.

Inventory:

Hand Weapons
 a - a +1 dagger (weapon)
 m - a +0 hunting sling
 u - a +0 hunting sling
 y - a +0 flail
Missiles
 h - 6 curare-tipped needles
 n - 208 stones (quivered)
Armour
 b - a +1 robe (worn)
 A - a +0 buckler
Jewellery
 k - an uncursed amulet of rage {unknown}
 p - an uncursed amulet of faith {unknown}
Scrolls
 e - a scroll of amnesia {unknown}
 g - a scroll of identify {unknown}
 i - a scroll of recharging {unknown}
 j - a scroll of immolation {unknown}
 o - a scroll of teleportation {unknown}
 t - a scroll of enchant weapon {unknown}
 v - 2 scrolls of fear {unknown}
 w - a scroll of magic mapping {unknown}
 z - a scroll of noise {unknown}
Potions
 f - 5 potions of degeneration
 l - 4 potions of brilliance {unknown}
 q - a potion of cure mutation {unknown}
 r - 2 potions of magic {unknown}
 s - 2 potions of might {unknown}
 x - 2 potions of curing
 B - 2 potions of heal wounds
Books
 c - a book of Maledictions

   Spells                             Type                      Level
   a - Corona                         Hexes                        1
   b - Ensorcelled Hibernation        Hexes/Ice                    2
   c - Confuse                        Hexes                        3
   d - Tukima's Dance                 Hexes                        3
   e - Dazzling Spray                 Conjuration/Hexes            3
Comestibles
 d - a bread ration


   Skills:
 + Level 3.4 Short Blades
 - Level 3.0 Dodging
 + Level 4.8 Stealth
 * Level 5.1 Spellcasting
 - Level 5.1 Hexes


You had 11 spell levels left.
You knew the following spells:

 Your Spells              Type           Power        Failure   Level  Hunger
a - Corona                Hex            ###....      1%          1    None
b - Ensorcelled Hibernat  Hex/Ice        ##....       10%         2    #......


Dungeon Overview and Level Annotations

Branches:
Dungeon (4/15)
 Temple: D:4-7

Altars:
Elyvilon
Makhleb
Okawaru
Sif Muna
Yredelemnul

Shops:
D:4 !

Annotations:
D:3 Purgy


Innate Abilities, Weirdness & Mutations

You are tiny and cannot use many weapons and most armour.
You have supernaturally acute eyesight.
You are a herbivore.
You cover ground extremely quickly.
You need consume almost no food.


Message History

a - a +1 dagger (weapon)
Casting: Ensorcelled Hibernation
Confirm with . or Enter, or press ? or * to list all spells.
Aiming: Ensorcelled Hibernation
Press: ? - help, Shift-Dir - straight line, f/p - Purgy
Aim: Purgy (chance to defeat MR: 52%) Purgy looks drowsy...
The helpless Purgy fails to defend himself.
You impale Purgy!!
Purgy is almost dead.
You hit Purgy.
Purgy is almost dead.
Purgy closely misses you. Purgy barely misses you. Purgy closely misses you.
You hit Purgy.
Purgy is almost dead.
Purgy bites you!
* * * LOW HITPOINT WARNING * * *
Purgy claws you.
You die...
Your body rises from the dead as a mindless zombie.

##.##..## #.#
##.##..############.#
.................##.#
##..#..#.#######..#.####
.......#.# ### #.......#
.(.......#######.##.##.#
.......(.'.._..'.##.##.#
.......#.###.###.##.##.#
..(....#.# #.# #@)..##.#
.......#.###'###T#####.#
.......#.........# #.#
.........#.....#.# #>#
###<...........#.# #.#
###.#..........#####.#
#.#.##.....###...#.#
#........### #.#...#
#...####.# #...###


You could see Purgy.

Vanquished Creatures
  2 orc priests (D:3)
  An iguana (D:4)
  A worker ant (D:4)
  3 adders
  A worm (D:3)
  A dart slug (D:2)
  2 giant geckos (D:4)
  12 orcs (D:3)
  3 ball pythons
  5 giant cockroaches
  10 goblins
  7 hobgoblins
  7 jackals
  3 kobolds
  3 quokkas
  6 bats
  9 rats
76 creatures vanquished.

Notes
Turn   | Place    | Note
--------------------------------------------------------------
     0 | D:1      | aurelian the Spriggan Enchanter began the quest for the Orb.
     0 | D:1      | Reached XP level 1. HP: 9/9 MP: 5/5
   282 | D:1      | Reached XP level 2. HP: 13/13 MP: 4/6
   290 | D:1      | Learned a level 2 spell: Ensorcelled Hibernation
  1733 | D:2      | Found a burning altar of Makhleb.
  2104 | D:2      | Found a basalt altar of Yredelemnul.
  2175 | D:2      | Became a worshipper of Yredelemnul the Dark
  2410 | D:2      | Reached XP level 3. HP: 16/16 MP: 8/8
  2912 | D:2      | Reached XP level 4. HP: 12/21 MP: 8/10
  3172 | D:3      | Reached * piety under Yredelemnul
  3348 | D:3      | Found a white marble altar of Elyvilon.
  3523 | D:2      | You fall through a shaft!
  3523 | D:3      | Found an iron altar of Okawaru.
  3659 | D:3      | Found a deep blue altar of Sif Muna.
  4026 | D:3      | Reached skill level 5 in Hexes
  4026 | D:3      | Reached XP level 5. HP: 16/24 MP: 5/12
  4421 | D:4      | Found Fauzu's Distillery.
  4426 | D:4      | Bought a potion of degeneration for 13 gold pieces
  4426 | D:4      | Bought 2 potions of heal wounds for 130 gold pieces
  4426 | D:4      | Bought a potion of curing for 39 gold pieces
  4608 | D:4      | Reached skill level 5 in Spellcasting
  4718 | D:4      | Noticed Purgy
  4722 | D:4      | Noticed an ogre
  5238 | D:3      | HP: 1/24 [Purgy (7)]
  5238 | D:3      | Slain by Purgy

Skill      XL: |  1  2  3  4  5 |
---------------+----------------+-----
Short Blades   | 2 3 |  3.4
Spellcasting   | 3 4 5 |  5.1
Hexes          | 4 5 |  5.1
Dodging        | |  3.0
Stealth        | |  4.8

Action                   |  1- 3 |  4- 6 || total
-------------------------+-------+-------++-------
Melee: Dagger            |   167 |   125 ||   292
 Fire: Hunting sling     |    12 |    31 ||    43
 Cast: Corona            |    16 |    12 ||    28
       Ensorcelled Hiber |     3 |    36 ||    39
 Stab: Sleeping          |     8 |    24 ||    32
       Distracted        |     1 |       ||     1
  Eat: Pizza             |       |     1 ||     1
       Royal jelly       |       |     1 ||     1
Armor: Robe              |    14 |    23 ||    37
Dodge: Dodged            |   139 |   142 ||   281
